 Dungeon Crawl Stone Soup version 0.26.0-5-gb5863c6483 (webtiles) character file.

Game seed: 14696399840009268985

1458 Acheron the Conjurer (level 8, -2/39 HPs)
             Began as a Vine Stalker Conjurer on Jan 10, 2021.
             Was an Initiate of Sif Muna.
             Slain by a wyvern (13 damage)
             ... on level 9 of the Dungeon.
             The game lasted 00:48:22 (6412 turns).

Acheron the Conjurer (Vine Stalker Conjurer)        Turns: 6412, Time: 00:48:22

Health: -2/39      AC:  6    Str: 10    XL:     8   Next: 76%
Magic:  0/14       EV: 13    Int: 19    God:    Sif Muna [......]
Gold:   281        SH:  5    Dex: 20    Spells: 8/14 levels left

rFire    . . .     SeeInvis .   f - +3 hand axe (flame)
rCold    . . .     Faith    .   (no shield)
rNeg     . . .     Spirit   +   c - +3 leather armour {Will+}
rPois    .         Reflect  +   (no helmet)
rElec    .         Harm     .   (no cloak)
rCorr    +         Rampage  .   (no gloves)
Will     ++...                  (no boots)
Stlth    +++.......             r - amulet of reflection
HPRegen  0.53/turn              q - ring of resist corrosion
MPRegen  0.14/turn              d - +6 ring of dexterity

@: no status effects
A: fangs 3, regeneration 1, magic shield, antimagic bite, no potion heal 3
a: Renounce Religion


You were on level 9 of the Dungeon.
You worshipped Sif Muna.
Sif Muna was noncommittal.
You visited 2 branches of the dungeon, and saw 10 of its levels.

You collected 281 gold pieces.

Inventory:

Hand Weapons
 b - a +0 war axe
 f - a +3 hand axe of flaming (weapon)
Missiles
 i - 13 boomerangs
 k - 57 stones
 n - 12 javelins
 o - 36 sling bullets
 u - 13 poisoned darts
Armour
 c - a +3 leather armour of willpower (worn)
 t - a +4 ring mail
Magical Staves
 g - an uncursed staff of earth
Jewellery
 d - a +6 ring of dexterity (right hand)
 q - a ring of resist corrosion (left hand)
 r - an amulet of reflection (around neck)
Scrolls
 e - a scroll of enchant weapon
 h - 3 scrolls of remove curse
Potions
 a - 2 potions of brilliance
 j - a potion of curing
 l - a potion of cancellation
 m - a potion of resistance


   Skills:
 * Level 2.5 Fighting
 + Level 2.4 Short Blades
 * Level 3.5 Axes
 * Level 2.4 Throwing
 * Level 2.8 Armour
 * Level 2.9 Dodging
 * Level 5.1 Stealth
 * Level 1.4 Shields
 * Level 3.6 Spellcasting
 * Level 5.3 Conjurations
 * Level 0.2 Hexes
 * Level 1.3 Invocations


You had 8 spell levels left.
You knew the following spells:

 Your Spells              Type           Power        Failure   Level
a - Magic Dart            Conj           92%          1%          1
b - Searing Ray           Conj           46%          3%          2
c - Dazzling Flash        Conj/Hex       28%          19%         3

Your spell library contained the following spells:

 Spells                   Type           Power        Failure   Level
 Fulminant Prism          Conj/Hex       7%           52%         4
 Iskenderun's Mystic Bla  Conj/Tloc      13%          52%         4


Dungeon Overview and Level Annotations

Branches:
Dungeon (9/15)             Temple (1/1) D:7
   Lair: D:8-11         Orc: D:9-12

Altars:
Ashenzari
Cheibriados
Dithmenos
Fedhas
Gozag
Hepliaklqana
Kikubaaqudgha
Makhleb
Okawaru
Qazlal
Ru
Sif Muna
Trog
Vehumet
Wu Jian
Xom
Zin
The Shining One

Annotations:
D:2 exclusion: downstairs
D:3 Sigmund
D:4 exclusion: downstairs
D:5 Dowan, Duvessa
D:7 2 runed translucent doors, exclusion: upstairs


Innate Abilities, Weirdness & Mutations

You have razor-sharp teeth.
Your natural rate of healing is unusually fast.
When hurt, damage is shared between your health and your magic reserves.
Your bite disrupts and absorbs the magic of your enemies.
Potions cannot restore your health.


Message History

The wyvern barely misses you. The wyvern bites you!
You hit the wyvern. You burn the wyvern.
The wyvern is lightly wounded.
You block the wyvern's attack.
You completely miss the wyvern. Your bite misses the wyvern.
The wyvern is lightly wounded.
You block the wyvern's attack. The wyvern misses you.
You barely miss the wyvern. You bite the wyvern. You drain its power.
You feel invigorated.
The wyvern is lightly wounded.
The wyvern bites you. The wyvern misses you.
You barely miss the wyvern. You bite the wyvern, but do no damage.
The wyvern is lightly wounded.
The wyvern bites you!
* * * LOW HITPOINT WARNING * * *
You have no ailments to cure.
You hit the wyvern but do no damage. You bite the wyvern, but do no damage.
The wyvern is lightly wounded.
You block the wyvern's attack. The wyvern bites you!!
You die...

#....... ...+ #.......
###+##..# ##.....##
.......# #.......#
......# #.......'
###....#############'##
#......#..........#....
#......#..........#....
+....l@'.....†....'....
#......#..........#...[
############..#+#######
.....# #. +..)..# #.
#.....# #. ####.## #'
..# #. #.


You could see a wyvern.

Vanquished Creatures
  Prince Ribbit (D:4)
  2 sky beasts
  An ogre (D:7)
  A centaur (D:4)
  3 bullfrogs
  3 scorpions
  A killer bee (D:7)
  2 howler monkeys (D:4)
  A bullfrog zombie (D:8)
  A bullfrog skeleton (D:7)
  An iguana (D:9)
  4 worker ants
  A hound skeleton (D:7)
  Robin (D:4)
  5 gnolls
  12 adders
  A white imp (D:6)
  An ufetubus (D:7)
  An adder zombie (D:3)
  A dart slug (D:1)
  14 orcs
  A giant cockroach (D:1)
  13 goblins
  6 hobgoblins
  13 jackals
  2 kobolds
  3 quokkas
  2 ball pythons
  3 bats (D:1)
  2 frilled lizards
  6 rats
109 creatures vanquished.

Vanquished Creatures (others)
  A plant (D:6)
1 creature vanquished.

Grand Total: 110 creatures vanquished

Notes
Turn   | Place    | Note
-------+----------+-------------------------------------------
     0 | D:1      | Acheron the Vine Stalker Conjurer began the quest for the
                  | Orb.
     0 | D:1      | Reached XP level 1. HP: 9/9 MP: 4/4
   325 | D:1      | Reached XP level 2. HP: 12/13 MP: 4/6
   506 | D:1      | Learned a level 2 spell: Searing Ray
  1130 | D:2      | Reached XP level 3. HP: 14/17 MP: 2/7
  1631 | D:2      | Reached skill level 1 in Fighting
  1796 | D:2      | Gained mutation: Your natural rate of healing is unusually
                  | fast. [Vine Stalker growth]
  1796 | D:2      | Reached XP level 4. HP: 17/22 MP: 6/8
  2029 | D:3      | Reached skill level 1 in Short Blades
  2701 | D:3      | Noticed Sigmund
  2910 | D:4      | Reached XP level 5. HP: 21/25 MP: 7/9
  3059 | D:4      | Reached skill level 1 in Armour
  3260 | D:4      | Noticed Robin
  3263 | D:4      | Reached XP level 6. HP: 17/30 MP: 7/11
  3265 | D:4      | Killed Robin
  3500 | D:5      | Entered Level 5 of the Dungeon
  3540 | D:4      | Found a shimmering blue altar of Sif Muna.
  3800 | D:5      | Noticed Prince Ribbit
  3886 | D:4      | Killed Prince Ribbit
  3887 | D:4      | Reached skill level 1 in Axes
  3887 | D:4      | Reached skill level 1 in Throwing
  3887 | D:4      | Reached XP level 7. HP: 8/34 MP: 0/12
  4024 | D:4      | Reached skill level 5 in Conjurations
  4099 | D:5      | Noticed Duvessa
  4099 | D:5      | Noticed Dowan
  4400 | D:7      | Found a runed translucent door.
  4403 | D:7      | Found the +10 tower shield of Ignorance {rN+ Int-4}
  4422 | D:7      | Found a runed translucent door.
  4670 | D:7      | Found a staircase to the Ecumenical Temple.
  4695 | D:7      | Reached skill level 1 in Shields
  4695 | D:7      | Gained mutation: You have razor-sharp teeth. [Vine Stalker
                  | growth]
  4695 | D:7      | Reached XP level 8. HP: 39/39 MP: 6/14
  4772 | Temple   | Entered the Ecumenical Temple
  4863 | Temple   | Became a worshipper of Sif Muna the Loreminder
  5324 | D:8      | Found an iron altar of Okawaru.
  5338 | D:8      | Reached skill level 5 in Stealth
  5359 | D:8      | Reached skill level 1 in Invocations
  5392 | D:8      | Learned a level 3 spell: Dazzling Flash
  6402 | D:9      | Noticed a wyvern
  6412 | D:9      | Slain by a wyvern

Illustrated notes

Levels and vault maps discovered:
D:1:      minmay_arrival_three_doors, layout_loops_ring
D:2:      layout_basic
D:3:      layout_loops_ring, chequers_serial_rivers_marsh, uniq_sigmund
D:4:      layout_gridville, led_sif_pool, uniq_robin
D:5:      layout_gridville, uniq_prince_ribbit1, uniq_duvessa
D:6:      layout_loops_ring, serial_shops, nicolae_shop_window_shopping,
          serial_bayou_ford_a
D:7:      layout_loops_cross, minmay_temple_entry_crystal_x,
          minmay_misc_feat_secret_circle, chequers_guarded_unrand_ignorance
D:8:      lemuel_ratsnest, layout_cave_pods, lemuel_round_altar, uniq_erica
D:9:      layout_grid_maze, nicolae_overflow_quartered_altars
Temple:   minmay_crystal_spiral_temple

Skill      XL: |  1  2  3  4  5  6  7  8 |
---------------+-------------------------+-----
Fighting       | 1 2 |  2.5
Short Blades   | 1 2 |  2.4
Stealth        | 3 4 5 |  5.1
Dodging        | 2 |  2.9
Armour         | 1 2 |  2.8
Axes           | 1 2 3 |  3.5
Throwing       | 1 2 |  2.4
Spellcasting   | 3 |  3.6
Conjurations   | 5 |  5.3
Shields        | 1 |  1.4
Invocations    | 1 |  1.3
Hexes          | |  0.2

Action                   |  1- 3 |  4- 6 |  7- 9 || total
-------------------------+-------+-------+-------++-------
Melee: Dagger            |    69 |   112 |       ||   181
       Bite              |     5 |    48 |    25 ||    78
       Hand axe          |       |    49 |    90 ||   139
Throw: Dart              |       |     1 |     9 ||    10
 Cast: Magic Dart        |    27 |    31 |     5 ||    63
       Searing Ray       |       |    10 |    28 ||    38
  Use: Scroll            |       |     8 |     5 ||    13
 Stab: Sleeping          |     2 |       |     2 ||     4
Armor: Leather armour    |    33 |    34 |    19 ||    86
       Robe              |     1 |       |       ||     1
Dodge: Dodged            |    43 |    88 |    64 ||   195
Block: Other             |       |    27 |    29 ||    56
       Reflection        |       |       |     1 ||     1
